 Dungeon Crawl Stone Soup version 0.21.1-1-g345015fe64 (webtiles) character file.

473 Mrkan the Ruffian (level 6, -5/61 HPs)
             Began as a Troll Monk on May 6, 2018.
             Slain by Natasha (8 damage)
             ... on level 3 of the Dungeon.
             The game lasted 00:05:45 (2088 turns).

Mrkan the Ruffian (Troll Monk)                      Turns: 2088, Time: 00:05:46

Health: -5/61      AC:  5    Str: 20    XL:     6   Next: 84%
Magic:  5/5        EV: 11    Int:  6    God:
Gold:   136        SH:  0    Dex: 14    Spells: 5/5 levels left

rFire    . . .     SeeInvis .     - Unarmed
rCold    . . .     Gourm    +   (no shield)
rNeg     . . .     Faith    .   a - +0 robe
rPois    .         Spirit   .   (helmet restricted)
rElec    .         Reflect  .   (no cloak)
rCorr    .         Harm     .   (gloves unavailable)
MR       .....                  (boots unavailable)
Stlth    ++........             (no amulet)
HPRegen  0.60/turn              (no ring)
MPRegen  0.09/turn              (no ring)

@: no status effects
A: large, unfitting armour, claws 3, fast metabolism 3, gourmand, regeneration
1, shaggy fur 1, tough skin 2
a: no special abilities


You were on level 3 of the Dungeon.
You were very full.

You visited 1 branch of the dungeon, and saw 3 of its levels.

You collected 136 gold pieces.

Inventory:

Armour
 a - a +0 robe (worn)
 t - a +0 cloak
Jewellery
 c - a +4 ring of evasion {unknown}
 j - an uncursed amulet of harm {unknown}
Scrolls
 g - 2 scrolls of enchant armour {unknown}
 h - 2 scrolls of fog {unknown}
 i - 9 scrolls of identify {unknown}
 k - a scroll of teleportation {unknown}
 l - a scroll of amnesia {unknown}
 p - a scroll of noise {unknown}
 r - 3 scrolls of blinking {unknown}
 s - a scroll of remove curse {unknown}
Potions
 d - 3 potions of resistance {unknown}
 e - a potion of heal wounds {unknown}
 f - a potion of agility {unknown}
 m - a potion of cancellation {unknown}
 n - a potion of haste
 o - a potion of berserk rage {unknown}
Comestibles
 b - 6 rations
 q - 7 chunks of flesh


   Skills:
 - Level 3.5 Fighting
 - Level 3.5 Dodging
 - Level 2.1 Stealth
 * Level 5.5 Unarmed Combat


You had 5 spell levels left.
You didn't know any spells.

Dungeon Overview and Level Annotations

Branches:
Dungeon (3/15)

Altars:

Annotations:
D:3 Natasha


Innate Abilities, Weirdness & Mutations

You are too large for most types of armour.
You have claws for hands.
Your metabolism is lightning-fast.
You like to eat raw meat.
Your natural rate of healing is unusually fast.
You are covered in fur. (AC +1)
You have very tough skin. (AC +2)


Message History

* * * LOW HITPOINT WARNING * * *
The leopard gecko bites you but does no damage.
You closely miss Natasha. Natasha closely misses you.
The leopard gecko hisses menacingly.
The leopard gecko bites you.
* * * LOW HITPOINT WARNING * * *
You closely miss Natasha. The leopard gecko barely misses you.
Natasha claws you!
* * * LOW HITPOINT WARNING * * *
You scratch Natasha but do no damage. The leopard gecko closely misses you.
Natasha barely misses you.
You barely miss Natasha.
The leopard gecko bites you but does no damage.
Natasha mumbles some strange words.
Natasha glows brightly for a moment.
Natasha claws you but does no damage.
You barely miss Natasha.
The leopard gecko bites you but does no damage.
Natasha claws you!
You die...

## #....... )# #.
#.#### #.#.###. .#
######.#####.....#
#.#.# #. .#
#..........#.....#
#.#.# #. ##
#..........#.....#
#.#.###. ♣
#................#
#.#..##. ♣
#................#
#.##.##.
#........l........
.. #.##.
#.........@...#
#..#. ♣
#..........h..#
##.#. ♣♣
#.............#
#.#. .♣
###)#########...#
#.#. ## #...# ...#
#.#. .####...#
...# #...
........# ####
##.. ........# #..
.......## #..


You could see Natasha and a leopard gecko.

Vanquished Creatures
  Sigmund (D:2)
  2 orc priests (D:3)
  Crazy Yiuf (D:3)
  3 orc wizards (D:2)
  Jessica (D:3)
  A worker ant (D:2)
  2 adders (D:3)
  An ooze (D:1)
  2 worms (D:3)
  2 dart slugs (D:1)
  4 leopard geckos
  5 orcs
  A ball python (D:3)
  3 giant cockroaches
  8 hobgoblins
  2 jackals (D:1)
  12 kobolds
  A quokka (D:3)
  5 bats
  5 frilled lizards
  9 goblins
  A jackal zombie (D:3)
  14 rats
86 creatures vanquished.

Notes
Turn   | Place    | Note
-------+----------+-------------------------------------------
     0 | D:1      | Mrkan the Troll Monk began the quest for the Orb.
     0 | D:1      | Reached XP level 1. HP: 22/22 MP: 0/0
   138 | D:1      | Reached XP level 2. HP: 29/29 MP: 1/1
   353 | D:1      | Reached XP level 3. HP: 9/36 MP: 2/2
   815 | D:2      | Noticed Sigmund
   871 | D:2      | HP: 1/36 [something (2)]
   874 | D:2      | Killed Sigmund
   874 | D:2      | Reached skill level 4 in Unarmed Combat
   874 | D:2      | Reached XP level 4. HP: 2/45 MP: 3/3
   874 | D:2      | Reached XP level 5. HP: 2/53 MP: 4/4
  1094 | D:2      | Reached XP level 6. HP: 44/61 MP: 5/5
  1874 | D:3      | Noticed Jessica
  1878 | D:3      | Killed Jessica
  1907 | D:3      | Reached skill level 5 in Unarmed Combat
  2009 | D:3      | Found a runed door.
  2013 | D:3      | Noticed Crazy Yiuf
  2018 | D:3      | Killed Crazy Yiuf
  2041 | D:3      | Noticed Natasha
  2085 | D:3      | HP: 2/61 [Natasha (7)]
  2088 | D:3      | Slain by Natasha

Skill      XL: |  1  2  3  4  5  6 |
---------------+-------------------+-----
Fighting       | 3 |  3.5
Dodging        | 3 |  3.5
Unarmed Combat | 4 5 |  5.5
Stealth        | 2 |  2.1

Action                   |  1- 3 |  4- 6 || total
-------------------------+-------+-------++-------
Melee: Unarmed           |    92 |   133 ||   225
       Punch             |       |     1 ||     1
  Use: Potion            |     1 |       ||     1
 Stab: Sleeping          |     1 |     2 ||     3
  Eat: Chunk             |    13 |    11 ||    24
Armor: Robe              |    32 |    33 ||    65
Dodge: Dodged            |    49 |    79 ||   128
